 Dungeon Crawl Stone Soup version 0.24.0-1-gfbc8707 (webtiles) character file.

Game seed: 14447114063220509538, levelgen mode: deterministic

59 Fang the Skirmisher (level 4, -4/29 HPs)
             Began as a Gargoyle Berserker on Nov 1, 2019.
             Was a Follower of Trog.
             Slain by Grinder (6 damage)
             ... on level 3 of the Dungeon on Nov 4, 2019.
             The game lasted 00:02:11 (1946 turns).

Fang the Skirmisher (Gargoyle Berserker)            Turns: 1946, Time: 00:02:12

Health: -4/29      AC:  5    Str: 22    XL:     4   Next: 3%
Magic:  4/4        EV: 12    Int:  7    God:    Trog [*.....]
Gold:   90         SH:  0    Dex:  9    Spells: 3/3 levels left

rFire    . . .     SeeInvis .   a - +0 hand axe
rCold    . . .     Gourm    .   (no shield)
rNeg     + . .     Faith    .   b - +0 animal skin
rPois    ∞         Spirit   .   (no helmet)
rElec    +         Reflect  .   (no cloak)
rCorr    +         Harm     .   (no gloves)
MR       .....                  (no boots)
Stlth    +.........             (no amulet)
HPRegen  0.09/turn              o - ring of resist corrosion
MPRegen  0.09/turn              (no ring)

@: berserk cooldown, slowed, very slow
A: negative energy resistance 1, electricity resistance, unbreathing,
petrification resistance, rot immunity, AC +3
a: Berserk, Renounce Religion


You were on level 3 of the Dungeon.
You worshipped Trog.
Trog was aware of your devotion.
You were very hungry.

You visited 1 branch of the dungeon, and saw 3 of its levels.

You collected 90 gold pieces.

Inventory:

Hand Weapons
 a - a +0 hand axe (weapon)
Armour
 b - a +0 animal skin (worn)
Jewellery
 o - a ring of resist corrosion (left hand)
Scrolls
 d - a scroll of remove curse {unknown}
 f - 2 scrolls of identify {unknown}
 g - a scroll of magic mapping {unknown}
 h - a scroll of amnesia {unknown}
 k - 2 scrolls of fear {unknown}
 n - a scroll of teleportation {unknown}
Potions
 e - a potion of magic {unknown}
 i - a potion of mutation {unknown}
 j - a potion of agility {unknown}
 l - a potion of haste {unknown}
 p - a potion of flight {unknown}
Comestibles
 c - 7 rations


   Skills:
 * Level 4.0 Fighting
 * Level 3.2 Axes
 + Level 2.8 Armour
 - Level 2.0 Dodging
 + Level 0.5 Stealth


You had 3 spell levels left.
You didn't know any spells.
Your spell library was empty.

Dungeon Overview and Level Annotations

Branches:
Dungeon (3/15)

Altars:
Cheibriados

Annotations:
D:3 Grinder


Innate Abilities, Weirdness & Mutations

You are resistant to torment.
Your stone body is resilient. (AC +3)
You are immune to poison.
You resist negative energy. (rN+)
You are resistant to electric shocks. (rElec)
You can survive without breathing.
You are immune to petrification.
You are immune to rotting.


Message History

Grinder is moderately wounded.
Grinder closely misses you.
You hit Grinder.
Grinder is heavily wounded.
Grinder grins, showing sharp teeth.
Grinder hits you but does no damage.
You barely miss Grinder.
Grinder is heavily wounded.
Grinder blinks!
You feel a strong urge to attack something.
You are no longer berserk.
You are exhausted.
You feel yourself slow down. Grinder gestures at you.
You resist with significant effort. Grinder misses you.
You hit Grinder but do no damage.
Grinder is heavily wounded.
Grinder hits you.
You die...

#.......##.....≈≈≈≈≈≈≈≈≈≈≈≈≈
#.#####.##.##≈≈≈≈≈≈≈≈≈≈≈≈≈≈≈
#.##...>...≈≈≈≈≈≈≈≈≈≈≈≈≈≈≈≈≈
#.##.##.##≈≈≈≈≈≈≈≈≈≈....≈≈≈≈
#.##.....≈≈≈≈≈≈≈≈....#.#####
#.......#≈≈≈≈≈≈.####.#.#
####....#≈≈≈≈##.####.#.###
#.##.#..............#_##
#.......@5...#.##..#≈≈≈##
####.#.............≈≈≈≈≈.
#.#.........#...≈≈.≈≈.
#.#......####..#≈≈≈≈≈.
####.#......####..#.≈≈≈.#
#.......###...<...##...##
###.......# ######.####.##
#.........# #.# #.#
#.#####...# #.# #.#


You could see Grinder.

Vanquished Creatures
  An ooze (D:2)
  3 dart slugs
  2 leopard geckos
  3 hobgoblins (D:1)
  8 jackals (D:2)
  5 kobolds (D:1)
  4 bats (D:1)
  4 frilled lizards
  7 goblins
  7 rats
44 creatures vanquished.

Notes
Turn   | Place    | Note
-------+----------+-------------------------------------------
     0 | D:1      | Fang the Gargoyle Berserker began the quest for the Orb.
     0 | D:1      | Reached XP level 1. HP: 14/14 MP: 1/1
    70 | D:1      | Reached XP level 2. HP: 18/19 MP: 2/2
   323 | D:1      | Reached XP level 3. HP: 22/23 MP: 3/3
   466 | D:1      | Reached ** piety under Trog
  1789 | D:3      | Found a snail-covered altar of Cheibriados.
  1831 | D:3      | Reached skill level 4 in Fighting
  1831 | D:3      | Reached XP level 4. HP: 28/29 MP: 4/4
  1890 | D:3      | Noticed Grinder
  1896 | D:3      | Paralysed by Grinder for 4 turns
  1928 | D:3      | Paralysed by Grinder for 5 turns
  1934 | D:3      | HP: 2/43 [Grinder (3)]
  1946 | D:3      | Slain by Grinder

Levels and vault maps discovered:
D:1:      dpeg_arrival_tiny_h, layout_loops_ring, minmay_misc_feat_columns
D:2:      layout_basic
D:3:      wander_river, layout_loops_cross, kennysheep_slug_shrine,
          chequers_serial_rivers_small_3, uniq_grinder

Skill      XL: |  1  2  3 |
---------------+----------+-----
Axes           | 3 |  3.2
Dodging        | 2 |  2.0
Fighting       | 4 |  4.0
Armour         | |  2.8
Stealth        | |  0.5

Action                   |  1- 3 |  4- 6 || total
-------------------------+-------+-------++-------
Melee: Hand axe          |   123 |    19 ||   142
Invok: Berserk           |       |     1 ||     1
  Eat: Chunk             |     3 |       ||     3
Armor: Animal skin       |    39 |     2 ||    41
Dodge: Dodged            |    81 |    11 ||    92
